 Dungeon Crawl Stone Soup version 0.28.0-1-gb440e238dd (webtiles) character file.

Game seed: 11209222395481173407

46 Ekaitz the Firebug (level 3, -2/25 HPs)
             Began as a Demonspawn Fire Elementalist on Feb 24, 2022.
             Slain by a goblin (5 damage)
             ... on level 2 of the Dungeon.
             The game lasted 00:03:11 (1135 turns).

Ekaitz the Firebug (Demonspawn Fire Elementalist)   Turns: 1135, Time: 00:03:11

Health: -2/25      AC:  6    Str: 10    XL:     3   Next: 44%
Magic:  1/6        EV: 12    Int: 16    God:
Gold:   9          SH:  8    Dex: 19    Spells: 2/6 levels left

rFire   . . .      SeeInvis .   d - +0 dagger
rCold   . . .      Faith    .   e - +0 buckler
rNeg    . . .      Spirit   .   a - +0 robe
rPois   .          Reflect  .   (no helmet)
rElec   .          Harm     .   (no cloak)
rCorr   .          Rampage  .   (no gloves)
Will    .....                   (no boots)
Stlth   ++........              (no amulet)
HPRegen 0.08/turn               l - +6 ring of dexterity
MPRegen 0.10/turn               (no ring)

@: hasted, very quick
A: icemail 1, condensation shield
a: no special abilities


You were on level 2 of the Dungeon.
You visited 1 branch of the dungeon, and saw 2 of its levels.

You collected 9 gold pieces.

Inventory:

Hand Weapons
 d - a +0 dagger (weapon)
Missiles
 b - 5 silver javelins
Armour
 a - a +0 robe (worn)
 e - a +0 buckler (worn)
Jewellery
 l - a +6 ring of dexterity (left hand)
 n - a +6 ring of intelligence
Scrolls
 f - a scroll of noise {unknown}
 g - a scroll of magic mapping {unknown}
 h - a scroll of identify {unknown}
 i - a scroll of acquirement {unknown}
Potions
 c - a potion of ambrosia {unknown}
 j - a potion of haste
 k - a potion of heal wounds {unknown}
 m - a potion of degeneration {unknown}


   Skills:
 * Level 0.8 Fighting
 + Level 0.2 Short Blades
 * Level 2.0 Dodging
 + Level 1.8 Stealth
 * Level 0.7 Shields
 + Level 2.1 Spellcasting
 * Level 1.3 Conjurations
 * Level 0.2 Necromancy
 * Level 3.2 Fire Magic


You had 2 spell levels left.
You knew the following spells:

 Your Spells              Type           Power      Damage    Failure   Level
a - Foxfire               Conj/Fire      36%        2x1d5     11%         1
b - Scorch                Fire           24%        2d6       11%         2
l - Animate Skeleton      Necr           4%         N/A       26%         1

Your spell library contained the following spells:

 Spells                   Type           Power      Damage    Failure   Level
 Magic Dart               Conj           20%        1d4       16%         1
 Pain                     Necr           8%         1d4       26%         1
 Call Imp                 Summ           1%         N/A       38%         2
 Conjure Flame            Conj/Fire      9%         6-21      32%         3
 Inner Flame              Hex/Fire       6%         N/A       41%         3
 Mephitic Cloud           Conj/Pois/Air  3%         N/A       56%         3
 Vampiric Draining        Necr           2%         2d6       61%         3
 Flame Wave               Conj/Fire      9%         2d5       73%         4


Dungeon Overview and Level Annotations

Branches:
Dungeon (2/15)

Altars:

Annotations:
D:2 Robin


Innate Abilities, Weirdness & Mutations

A meltable icy envelope protects you from harm. (AC +4)
A meltable shield of frost defends you. (SH +4)


Message History

Found a faded altar of an unknown god.
Robin of the Strong Arm comes into view.
They are wielding a +0 trident.
Robin shouts!
You hear a shout! x2
A goblin comes into view. It is wielding a +0 dagger.
A goblin comes into view. It is wielding a +0 club.
You hear a shout!
A goblin comes into view. It is wielding a +0 club.
A goblin comes into view. It is wielding a +0 dagger.
Robin roars a battlecry!
The goblins go into a battle-frenzy! 2 goblins come into view.
You see here a +6 ring of intelligence.
n - a +6 ring of intelligence Robin throws the goblin at you!
The goblin completely misses you.
You hit the goblin.
You kill the goblin!
Robin throws the goblin at you! The goblin hits you with a +0 club.
You barely miss the goblin. The goblin hits you with a +0 club.
Robin throws the goblin at you! You block the goblin's attack. x2
The goblin misses you.
Things that are here:
a +0 club; a goblin corpse Unknown command.
Robin throws the goblin at you! You block the goblin's attack.
The goblin misses you. The goblin hits you with a +0 club.
* * * LOW HITPOINT WARNING * * *
Unknown command.
Casting: Foxfire (safe; 11% risk of failure)
Confirm with . or Enter, or press ? or * to list all spells.
Flames lash the goblin.
You kill the goblin!
Robin throws the goblin at you! The goblin hits you but does no damage.
The goblin barely misses you. You block the goblin's attack.
The goblin closely misses you.
It was a potion of haste.
You feel yourself speed up. The goblin hits you but does no damage.
The goblin closely misses you. The goblin hits you with a +0 dagger.
* * * LOW HITPOINT WARNING * * *
The goblin hits you with a +0 club.
You die...

#.. #..# #.._
#..## #...#
######.g##
#........#
#.....#gg#
#.....#@g#########
#.... ##g........#
#.... #..######.#
#... #).# #.#
#...8..)......!#.#
.......#..###.#.#
......##.... #.#
.....# #...####.#
##.## #.#>...))###


You could see Robin and 4 goblins.

Vanquished Creatures
  An adder (D:2)
  An adder zombie (D:2)
  A bat zombie (D:2)
  3 endoplasms (D:1)
  8 goblins
  3 hobgoblins
  3 jackals (D:1)
  A quokka (D:1)
  3 ball pythons
  A frilled lizard (D:1)
  A giant cockroach zombie (D:2)
  A kobold (D:1)
  2 rats (D:1)
29 creatures vanquished.

Vanquished Creatures (others)
  42 foxfires
42 creatures vanquished.

Grand Total: 71 creatures vanquished

Notes
Turn   | Place    | Note
-------+----------+-------------------------------------------
     0 | D:1      | Ekaitz the Demonspawn Fire Elementalist began the quest for
                  | the Orb.
     0 | D:1      | Reached XP level 1. HP: 13/13 MP: 3/3
   326 | D:1      | Reached skill level 3 in Fire Magic
   341 | D:1      | Gained mutation: A meltable shield of frost defends you.
                  | (SH +4) [demonic ancestry]
   341 | D:1      | Reached XP level 2. HP: 19/19 MP: 3/5
   344 | D:1      | Learned a level 2 spell: Scorch
  1005 | D:2      | Learned a level 1 spell: Animate Skeleton
  1060 | D:2      | Gained mutation: A meltable icy envelope protects you from
                  | harm. (AC +4) [demonic ancestry]
  1060 | D:2      | Reached XP level 3. HP: 23/25 MP: 2/6
  1123 | D:2      | Found a faded altar of an unknown god.
  1125 | D:2      | Noticed Robin
  1135 | D:2      | Slain by a goblin

Illustrated notes

Levels and vault maps discovered:
D:1:      dpeg_arrival_water_fire, layout_basic
D:2:      layout_basic, serial_undead, serial_undead_b, serial_undead_e,
          serial_undead_b, serial_undead_d, serial_undead_a,
          basic_ecumenical_altar, minivault_25, uniq_robin

Skill      XL: |  1  2 |
---------------+-------+-----
Fire Magic     | 3 |  3.2
Dodging        | 2 |  2.0
Fighting       | |  0.8
Short Blades   | |  0.2
Stealth        | |  1.8
Shields        | |  0.7
Spellcasting   | |  2.1
Conjurations   | |  1.3
Necromancy     | |  0.2

Action                   || total
-------------------------++-------
Melee: Dagger            ||    49
 Cast: Foxfire           ||    24
       Scorch            ||     2
  Use: Potion            ||     1
 Stab: Sleeping          ||     4
Armor: Robe              ||    12
Dodge: Dodged            ||    32
Block: Buckler           ||    24
